 Seeded DCSS version 0.29-a0-375-g5102b3be25 (webtiles) character file.

Game seed: 12277325093202877910 (custom seed)

11 zeratav the Insei (level 2, -3/18 HPs)
             Began as an Octopode Transmuter on May 3, 2022.
             Slain by a gnoll
             ... wielding a +0 club
              (5 damage)
             ... on level 1 of the Dungeon.
             The game lasted 00:01:11 (393 turns).

zeratav the Insei (Octopode Transmuter)              Turns: 393, Time: 00:01:12

Health: -3/18      AC:  1    Str:  9    XL:     2   Next: 29%
Magic:  5/5        EV: 13    Int: 15    God:
Gold:   13         SH:  0    Dex: 12    Spells: 4/5 levels left

rFire   . . .      SeeInvis .     - Unarmed
rCold   . . .      Faith    .   (no shield)
rNeg    . . .      Spirit   .   (helmet currently unavailable)
rPois   .          Reflect  .   (no amulet)
rElec   .          Harm     .   (no ring)
rCorr   .          Rampage  .   (no ring)
Will    .....                   (no ring)
Stlth   ++........              (no ring)
HPRegen 0.06/turn               (no ring)
MPRegen 0.09/turn               (no ring)
                                (no ring)
                                (no ring)

@: appendages (expiring)
A: tentacle spike 3, almost no armour, amphibious, 8 rings, camouflage 1,
gelatinous body 1, (nimble swimmer 1), tentacles
a: End Transformation


You were on level 1 of the Dungeon.
One of your tentacles had grown a beastly spike.
You visited 1 branch of the dungeon, and saw 1 of its levels.

You collected 13 gold pieces.


Innate Abilities, Weirdness & Mutations

One of your tentacles has grown a beastly spike.
You cannot wear most types of armour.
You are amphibious.
You can wear up to eight rings at the same time.
Your skin changes colour to match your surroundings (Stealth+).
Your rubbery body absorbs attacks. (AC +1, EV +1)
((You are camouflaged when in or above water. (Stealth+)))
You have tentacles for arms and can constrict up to eight enemies at once.


   Skills:
 - Level 1.0 Fighting
 - Level 2.0 Dodging
 - Level 3.0 Unarmed Combat
 - Level 2.0 Spellcasting
 + Level 2.9 Transmutations


You had 4 spell levels left.
You knew the following spells:

 Your Spells              Type           Power      Damage    Failure   Level
a - Beastly Appendage     Tmut           20%        N/A       7%          1

Your spell library contained the following spells:

 Spells                   Type           Power      Damage    Failure   Level
 Wereblood                Tmut           10%        N/A       10%         2
 Spider Form              Tmut/Pois      5%         N/A       36%         3
 Ice Form                 Ice/Tmut       5%         N/A       77%         4

Inventory:

Scrolls
 b - 2 scrolls of poison {unknown}

Dungeon Overview and Level Annotations

Branches:
Dungeon (1/15)

Altars:

..........># ## ##
#...#...#.## . ..#.
# #...#.# .. .#.###
#...#.## b.. ....#
#.# #...#... ..#...$
#.#.. #.(.#### ..
....# #.#.. #..)#
....##g.###.#.#
#...#
......g@....#.#
#...#
###.###.#...#.#
#...#
#.......#.###...#
#.#.#......##...####
#.#........##.......
# #####.##.##..#####
.................
#.........#†.####
#..............#


You could see a gnoll, a goblin and a bat (asleep).


Message History

You hit the goblin.
You kill the goblin!
The jackal bites you but does no damage.
You smack the jackal!
You kill the jackal!
You cannot move.
You start resting.
Your transformation is almost over.
You feel less wooden.
HP[-5]
You now have 18 max hp (-9).
You start resting.
HP[+3]
Your hp is fully restored (18).
Things that are here:
a +0 club {mace}; a goblin corpse
Things that are here:
4 large rocks {=fthrowing}; a jackal corpse
Found a stone staircase leading down.
b - 2 scrolls labelled LOALOCK GIUMY (gained 1)
An endoplasm comes into view.
An endoplasm is nearby!
An endoplasm is nearby!
One of your tentacles grows a vicious spike.
MP[-1]
You lost 1 mp, and now have 4/5 mp.
The endoplasm quivers.
A gnoll comes into view. It is wielding a +0 club.
The endoplasm freezes you.
You are frozen.
HP[-2]
You take 2 damage, and now have 16/18 hp.
You tentacle-slap the endoplasm.
You pierce the endoplasm.
The endoplasm freezes you.
You are frozen.
HP[-2]
You take 2 damage, and now have 14/18 hp.
You tentacle-slap the endoplasm.
You kill the endoplasm!
No target in view!
No target in view!
No target in view!
No target in view!
No target in view!
No target in view!
No target in view!
No target in view!
No target in view!
No target in view!
No target in view!
No target in view!
No target in view!
No target in view!
No target in view!
No target in view!
A gnoll is nearby!
A gnoll is nearby!
A gnoll is nearby!
A goblin comes into view. It is wielding a +0 dagger.
A bat comes into view.
Your transformation is almost over.
The gnoll hits you with a +0 club.
* * * LOW HITPOINT WARNING * * *
You are too injured to fight recklessly!
HP[-6]
You take 6 damage, and now have 8/18 hp.
MASSIVE DAMAGE!! (PAUSE)
You are too injured to fight recklessly!
You are too injured to fight recklessly!
You are too injured to fight recklessly!
You are too injured to fight recklessly!
You are too injured to fight recklessly!
You are too injured to fight recklessly!
You are too injured to fight recklessly!
You are too injured to fight recklessly!
You are too injured to fight recklessly!
You are too injured to fight recklessly!
You are too injured to fight recklessly!
You are too injured to fight recklessly!
You are too injured to fight recklessly!
You are too injured to fight recklessly!
You are too injured to fight recklessly!
You are too injured to fight recklessly!
You tentacle-slap the gnoll but do no damage.
Your grab misses the gnoll. The gnoll misses you.
MP[+1]
Your mp is fully restored (5).
You tentacle-slap the gnoll. Your grab misses the gnoll.
The gnoll hits you with a +0 club.
* * * LOW HITPOINT WARNING * * *
HP[-6]
You take 6 damage, and now have 2/18 hp.
MASSIVE DAMAGE!! (PAUSE)
You tentacle-slap the gnoll. You grab the gnoll.
You pierce the gnoll, but do no damage.
You constrict the gnoll, but do no damage.
The gnoll misses you.
You tentacle-slap the gnoll. You constrict the gnoll.
The gnoll hits you with a +0 club.
You die...

Action                   || total
-------------------------++-------
Melee: Unarmed           ||    29
       Kick              ||     3
       Constrict         ||     2
       Punch             ||     1
 Cast: Beastly Appendage ||     3
  Use: Potion            ||     1
Armor: Skin              ||    34
Dodge: Dodged            ||    13

Levels and vault maps discovered:
D:1:      tarquinn_simple_flora_water_e, layout_basic, basic_ecumenical_altar,
          nicolae_concentric_dashed_squares_wild

Notes
Turn   | Place    | Note
-------+----------+-------------------------------------------
     0 | D:1      | zeratav the Octopode Transmuter began the quest for the
                  | Orb.
     0 | D:1      | Reached XP level 1. HP: 13/13 MP: 3/3
     0 | D:1      | magus.rc [v1.9.6]
   259 | D:1      | Reached XP level 2. HP: 18/18 MP: 5/5
   391 | D:1      | HP: 2/18 [gnoll/+0 club (6)]
   393 | D:1      | Slain by a gnoll

Vanquished Creatures
  A bat (D:1)
  An endoplasm (D:1)
  A hobgoblin (D:1)
  4 jackals (D:1)
  A goblin (D:1)
  A kobold (D:1)
  A rat (D:1)
10 creatures vanquished.

Table legend:
 A = Non-vault XP
 B = Vault XP
 C = Vault XP percentage of total XP
 D = Non-vault monster count
 E = Vault monster count
 F = Vault count percentage of total count
                 A         B        C        D         E       F
            +---------+---------+-------+---------+---------+-------
      Total |      17 |       0 |   0.0 |      10 |       0 |   0.0
            +---------+---------+-------+---------+---------+-------
        D:1 |      17 |       0 |   0.0 |      10 |       0 |   0.0
            +---------+---------+-------+---------+---------+-------

Illustrated notes

Table legend:
 A = Kills in this place as a percentage of kills in entire the game.
 B = Kills by you in this place as a percentage of kills by you in the entire game.
 C = Kills by friends in this place as a percentage of kills by friends in the entire game.
 D = Other kills in this place as a percentage of other kills in the entire game.
 E = Experience gained in this place as a percentage of experience gained in the entire game.
 F = Experience gained in this place divided by the number of levels of this place that you have seen.
                   A       B       C       D       E      F
               +-------+-------+-------+-------+-------+----------------------
         Total | 100.0 | 100.0 |   N/A |   N/A | 100.0 |  17.0
       Dungeon | 100.0 | 100.0 |   N/A |   N/A | 100.0 |  17.0
               +-------+-------+-------+-------+-------+----------------------

Table legend: (Time is in decaauts)
 A = Elapsed time spent in this place.
 B = Non-inter-level travel time spent in this place.
 C = Inter-level travel time spent in this place.
 D = Time resting spent in this place.
 E = Time spent auto-exploring this place.
 F = Levels seen in this place.
 G = Mean time per level.
                   A        B        C        D        E       F      G
               +--------+--------+--------+--------+--------+-----+--------+
         Total |    391 |    390 |      1 |     72 |    248 |   1 |  391.0 |
       Dungeon |    391 |    390 |      1 |     72 |    248 |   1 |  391.0 |
               +--------+--------+--------+--------+--------+-----+--------+

Top non-repeatable levels by time:
     D:1: 391 daAuts
